 Dungeon Sprint DCSS version 0.31-a0-986-g5e6e4ef867 (webtiles) character file.

Game seed: 15114386774846229926

50374 fozzywoppz the Tortoise (level 14, -18/134 HPs)
             Began as a Formicid Fighter on Nov 8, 2023.
             Was the Champion of Okawaru.
             Killed from afar by a frost giant (50 damage)
             ... with a bolt of cold
             ... in the Dungeon (Sprint IX: "|||||||||||||||||||||||||||||") on Nov 9, 2023.
             The game lasted 00:21:05 (3258 turns).

fozzywoppz the Tortoise (Formicid Fighter)          Turns: 3258, Time: 00:21:05

Health: -18/134    AC: 27    Str: 28    XL:     14   Next: 97%
Magic:  24/24      EV: 12    Int:  6    God:    Okawaru [******]
Gold:   1174       SH: 26    Dex: 13    Spells: 13/13 levels left

rFire   + + +        v - +1 dire flail (heavy)
rCold   . . .        t - +6 tower shield of Parts Unknown {Will+ Str+2}
rNeg    . . .        p - +1 shadow dragon scales of the Postmodern Eyes {-Tele rElec rF+++ Int-2 Stlth++++}
rPois   +            (helmet unavailable)
rElec   +            (no cloak)
rCorr   .            B - +1 pair of gloves
SInv    +            (no boots)
Will    ++...        (no amulet)
Stlth   ++           o - +2 ring of protection
HPRegen 0.42/turn    x - ring of poison resistance
MPRegen 0.19/turn

%: no passive effects
@: mighty
A: permanent stasis, dig shafts and tunnels, antennae 3, four strong arms
a: Dig, Renounce Religion, Heroism, Finesse


You were in the Dungeon.
You worshipped Okawaru.
Okawaru was exalted by your worship.
You visited 1 branch You collected 1734 gold pieces.
You spent 560 gold pieces at shops.

Inventory:

Hand Weapons
 a - a +2 spectral giant spiked club
 k - a +2 morningstar of protection
 v - a +1 heavy dire flail (weapon)
 A - a +1 great mace
Missiles
 r - 4 curare-tipped darts
 s - 7 silver javelins (quivered)
Armour
 p - the +1 shadow dragon scales of the Postmodern Eyes (worn) {-Tele rElec rF+++ Int-2 Stlth++++}
   (Okawaru gifted it to you in the Dungeon)

   Int-2:     It affects your intelligence (-2).
   rF+++:     It renders you almost immune to fire.
   rElec:     It insulates you from electricity.
   -Tele:     It prevents most forms of teleportation.
   Stlth++++: It makes you much more stealthy.
 t - the +6 tower shield of Parts Unknown (worn) {Will+ Str+2}
   (You bought it in a shop in the Dungeon)

   Str+2:     It affects your strength (+2).
   Will+:     It increases your willpower.
 u - a +4 plate armour
 B - a +1 pair of gloves (worn)
Jewellery
 o - a +2 ring of protection (left hand)
 x - a ring of poison resistance (right hand)
 y - a ring of willpower
Talismans
 w - the serpent talisman of Somewhere Else {rElec}
   (You took it off Aizul in the Dungeon)

   [serpent talisman]

   rElec:     It insulates you from electricity.
Wands
 m - a wand of roots (1)
Scrolls
 i - 2 scrolls of amnesia
 j - 3 scrolls of enchant armour
 l - 6 scrolls of blinking
 q - 2 scrolls of identify
 C - 2 scrolls of fog
Potions
 c - a potion of ambrosia
 d - 3 potions of mutation
 e - a potion of invisibility
 g - 4 potions of magic
 h - a potion of curing


   Skills:
 + Level 19.8 Fighting
 - Level 20.0 Maces & Flails
 + Level 10.9 Throwing
 + Level 20.5 Armour
 - Level 10.0 Dodging
 + Level 18.8 Shields
 - Level 14.0 Invocations
 - Level 5.0 Evocations


You had 13 spell levels left.
You didn't know any spells.
Your spell library was empty.

Dungeon Overview and Level Annotations

Branches:
Dungeon (1/1)

Altars:
Cheibriados
Dithmenos
Elyvilon
Fedhas
Gozag
Hepliaklqana
Kikubaaqudgha
Makhleb
Nemelex Xobeh
Okawaru
Qazlal
Ru
Sif Muna
Trog
Uskayaw
Vehumet
Wu Jian
Xom
Yredelemnul
Zin
The Shining One
Jiyva
Lugonu

Shops:
D :[*!


Innate Abilities, Weirdness & Mutations

You cannot be hasted, slowed, berserked, paralysed or teleported.
You can dig through walls and to a lower floor.
You have a pair of large antennae on your head. (SInv)
Your four strong arms can wield two-handed weapons with a shield.


Message History

Okay, then.
You feel much better. The frost giant casts a spell at you.
The bolt of cold hits the frost giant!
The frost giant resists.
The bolt of cold hits you!!
* * * LOW HITPOINT WARNING * * *
The frost giant hits you with a +0 battleaxe of freezing.
* * * LOW HITPOINT WARNING * * *
The frost giant freezes you.
* * * LOW HITPOINT WARNING * * *
As you read the scroll of fear, it crumbles to dust.
You assume a fearsome visage.
The ettin easily resists.
The frost giant looks frightened!
The vampire mage is unaffected.
The frost giant looks frightened!
The vampire mage mumbles some strange words.
The frost giant seems to regain its courage.
Cornered, the frost giant turns to fight!
Okay, then.
Aiming: Fastroot
Press: ? - help, Shift-Dir - straight line, f - ettin
Aim: an ettin, wielding a +0 dire flail and a +1 dire flail of draining (heavily wounded)
The roots erupt in riotous growth!
Roots grab the ettin.
The grasping roots constrict the ettin!
The ettin struggles to escape constriction.
The grasping roots constrict the ettin.
The roots release their grip on the ettin.
Unknown command.
You feel very mighty all of a sudden.
You spit the ettin like a pig!!!!
You kill the ettin!
Okawaru is honoured by your kill.
The frost giant points at you and mumbles some strange words.
The bolt of cold hits you.
* * * LOW HITPOINT WARNING * * *
Unknown command.
Okay, then.
The frost giant casts a spell at you. The bolt of cold hits you!!!
You die... ▓▓▓▓▓▓▓▓▓▓ {.()..V..({ {{{{{{{{{ {{{{{{{{{{

▓▓▓▓▓▓▓▓▓▓▓▓▓▓▓▓▓▓▓▓▓▓▓▓▓▓▓▓▓▓▓▓▓
..........)C....@................
▓▓▓▓▓▓▓▓▓▓▓▓▓▓▓▓▓▓▓▓▓▓▓▓▓▓▓▓▓▓▓♣♣
.'(†.......')))))....†)..)....)')
▓▓▓▓▓▓▓▓▓▓▓▓▓▓▓▓▓▓▓▓▓▓▓▓▓▓▓▓▓▓▓♣♣
)..........).....................
▓▓▓▓▓▓▓▓▓▓▓▓▓▓▓▓▓▓▓▓▓▓▓▓▓▓▓▓▓▓▓▓▓
.)))))))=.).[[[[[[.!........†().)
▓▓▓▓▓▓▓▓▓▓▓▓▓▓▓▓▓▓▓▓▓▓▓▓▓▓▓▓▓▓▓▓▓
.....................).....).....


You could see a frost giant.

Vanquished Creatures
  A tentacled monstrosity (D)
  A sphinx (D)
  Agnes (D)
  Aizul (D)
  4 fire giants (D)
  A ghost moth (D)
  A frost giant (D)
  A very ugly thing (D)
  A stone giant (D)
  Azrael (D)
  An ettin (D)
  2 merfolk impalers (D)
  An entropy weaver (D)
  Josephine (D)
  2 ice dragons (D)
  A hydra (D)
  A jorogumo (D)
  2 ogre magi (D)
  A centaur warrior (D)
  A merfolk aquamancer (D)
  8 two-headed ogres (D)
  2 alligators (D)
  A catoblepas (D)
  Erica (D)
  A satyr (D)
  A boulder beetle (D)
  A death yak (D)
  A naga sharpshooter (D)
  A shock serpent (D)
  2 spriggans (D)
  Sonja (D)
  A goliath frog (D)
  A pharaoh ant (D)
  A sea snake (D)
  An orb spider (D)
  2 orc knights (D)
  A harpy (D)
  A mana viper (D)
  A wolf spider (D)
  2 will-o-the-wisps (D)
  3 cyclopes (D)
  A merfolk siren (D)
  2 torpor snails (D)
  6 black mambas (D)
  A cane toad (D)
  A gargoyle (D)
  6 komodo dragons (D)
  Psyche (D)
  A tengu conjurer (D)
  A merfolk (D)
  A bloated husk (D)
  2 hornets (D)
  A blink frog (D)
  A slime creature (D)
  A spriggan (shapeshifter) (D)
  A culicivora (D)
  A water elemental (D)
  A wyvern (D)
  4 fire elementals (D)
  3 yaks (D)
  Eustachio (D)
  2 basilisks (D)
  A steam dragon (D)
  6 wraiths (D)
  A naga (D)
  2 wargs (D)
  An acid dragon (D)
  4 water moccasins (D)
  4 hell hounds (D)
  12 orc warriors (D)
  A boggart (D)
  4 ogres (D)
  4 wolves (D)
  A scorpion (D)
  2 orc priests (D)
  3 orc wizards (D)
  2 adders (D)
  An ufetubus (D)
  8 orcs (D)
  A ball python (D)
  An endoplasm (D)
  2 giant cockroaches (D)
  A quokka (D)
  A frilled lizard (D)
162 creatures vanquished.

Vanquished Creatures (others)
  A fenstrider witch (D)
1 creature vanquished.

Grand Total: 163 creatures vanquished

Notes
Turn   | Place    | Note
-------+----------+-------------------------------------------
     0 | D        | fozzywoppz the Formicid Fighter began the quest for the
                  | Orb.
     0 | D        | Reached XP level 1. HP: 18/18 MP: 1/1
    17 | D        | Reached XP level 2. HP: 25/25 MP: 2/2
    23 | D        | Noticed a scorpion
    37 | D        | Killed a scorpion
    38 | D        | Reached skill level 5 in Fighting
    38 | D        | Reached skill level 5 in Armour
    38 | D        | Reached skill level 5 in Shields
    38 | D        | Reached XP level 3. HP: 15/34 MP: 3/3
    38 | D        | Reached XP level 4. HP: 17/40 MP: 4/4
    65 | D        | Reached skill level 5 in Maces & Flails
    71 | D        | Found a snail-covered altar of Cheibriados.
    71 | D        | Found a shadowy altar of Dithmenos.
    71 | D        | Found a white marble altar of Elyvilon.
    71 | D        | Found a blossoming altar of Fedhas.
    71 | D        | Found an opulent altar of Gozag.
    72 | D        | Found a hazy altar of Hepliaklqana.
    73 | D        | Found a viscous altar of Jiyva.
    74 | D        | Found an ancient bone altar of Kikubaaqudgha.
    75 | D        | Found a corrupted altar of Lugonu.
    76 | D        | Found a burning altar of Makhleb.
    77 | D        | Found a sparkling altar of Nemelex Xobeh.
    78 | D        | Found an iron altar of Okawaru.
    79 | D        | Found a stormy altar of Qazlal.
    80 | D        | Found a sacrificial altar of Ru.
    81 | D        | Found a shimmering blue altar of Sif Muna.
    82 | D        | Found a bloodstained altar of Trog.
    83 | D        | Found a hide-covered altar of Uskayaw.
    84 | D        | Found a radiant altar of Vehumet.
    85 | D        | Found an ornate altar of the Wu Jian Council.
    86 | D        | Became a worshipper of Warmaster Okawaru
    87 | D        | Found a shimmering altar of Xom.
    88 | D        | Found a basalt altar of Yredelemnul.
    89 | D        | Found a glowing silver altar of Zin.
    90 | D        | Found a glowing golden altar of the Shining One.
   146 | D        | Noticed a yak
   146 | D        | Noticed a yak
   146 | D        | Noticed a yak
   146 | D        | Noticed an acid dragon
   146 | D        | Noticed a gargoyle
   154 | D        | Killed a yak
   155 | D        | Reached XP level 5. HP: 41/48 MP: 4/8
   155 | D        | Reached XP level 6. HP: 47/55 MP: 4/9
   159 | D        | Killed a yak
   159 | D        | Reached * piety under Okawaru
   160 | D        | Reached skill level 5 in Invocations
   160 | D        | Reached XP level 7. HP: 46/62 MP: 4/11
   161 | D        | Killed a yak
   165 | D        | Killed an acid dragon
   165 | D        | Reached ** piety under Okawaru
   166 | D        | Reached skill level 5 in Dodging
   173 | D        | Killed a gargoyle
   174 | D        | Reached skill level 10 in Fighting
   174 | D        | Reached XP level 8. HP: 58/72 MP: 6/14
   186 | D        | Noticed a boulder beetle
   186 | D        | Noticed a catoblepas
   186 | D        | Noticed a slime creature
   186 | D        | Noticed a wraith
   186 | D        | Noticed a cyclops
   186 | D        | Noticed a two-headed ogre
   292 | D        | Killed a catoblepas
   292 | D        | Reached *** piety under Okawaru
   293 | D        | Reached XP level 9. HP: 29/78 MP: 14/17
   326 | D        | Killed a two-headed ogre
   326 | D        | Reached **** piety under Okawaru
   333 | D        | Killed a cyclops
   614 | D        | Killed a boulder beetle
   614 | D        | Reached ***** piety under Okawaru
   615 | D        | Reached skill level 15 in Maces & Flails
   615 | D        | Reached XP level 10. HP: 43/85 MP: 20/20
   844 | D        | Noticed a komodo dragon
   844 | D        | Noticed a komodo dragon
   844 | D        | Noticed a cane toad
   844 | D        | Noticed a black mamba
   852 | D        | Killed a komodo dragon
   860 | D        | Killed a komodo dragon
   872 | D        | Killed a cane toad
   877 | D        | Received a gift from Okawaru
   880 | D        | Killed a black mamba
   886 | D        | Reached skill level 10 in Armour
   903 | D        | Noticed a komodo dragon
   903 | D        | Noticed a komodo dragon
   903 | D        | Noticed a komodo dragon
   903 | D        | Noticed a death yak
   909 | D        | Killed a komodo dragon
   913 | D        | Noticed a komodo dragon
   924 | D        | Killed a death yak
   925 | D        | Reached XP level 11. HP: 96/96 MP: 14/21
   925 | D        | Received a gift from Okawaru
  1041 | D        | Noticed Josephine
  1062 | D        | Killed Josephine
  1068 | D        | Reached skill level 15 in Fighting
  1081 | D        | Received a gift from Okawaru
  1100 | D        | Noticed Eustachio
  1117 | D        | Killed Eustachio
  1326 | D        | Noticed an orc knight
  1330 | D        | Reached skill level 1 in Throwing
  1353 | D        | Killed an orc knight
  1392 | D        | Reached XP level 12. HP: 77/111 MP: 18/22
  1457 | D        | Found Doadecs's Book Emporium.
  1457 | D        | Noticed a two-headed ogre
  1457 | D        | Noticed a two-headed ogre
  1457 | D        | Noticed a two-headed ogre
  1457 | D        | Noticed an ogre mage
  1457 | D        | Noticed a two-headed ogre
  1461 | D        | Killed a two-headed ogre
  1474 | D        | Killed a two-headed ogre
  1475 | D        | Reached skill level 15 in Armour
  1477 | D        | Killed a two-headed ogre
  1477 | D        | Received a gift from Okawaru
  1480 | D        | Killed a two-headed ogre
  1481 | D        | Reached skill level 5 in Throwing
  1481 | D        | Found Mineab's Antique Armour Shoppe.
  1484 | D        | Killed an ogre mage
  1487 | D        | Found Urchygus's General Store.
  1491 | D        | Found Ewnem's Distillery.
  1493 | D        | Noticed a two-headed ogre
  1494 | D        | Noticed an ogre mage
  1507 | D        | Killed a two-headed ogre
  1518 | D        | Killed an ogre mage
  1523 | D        | Noticed a two-headed ogre
  1532 | D        | Killed a two-headed ogre
  1533 | D        | Noticed a two-headed ogre
  1540 | D        | Killed a two-headed ogre
  1540 | D        | Received a gift from Okawaru
  1541 | D        | Reached skill level 10 in Shields
  1713 | D        | Bought a smoking tower shield for 209 gold pieces
  1713 | D        | Identified the +6 tower shield of Parts Unknown {Will+
                  | Str+2} (You bought it in a shop in the Dungeon)
  1732 | D        | Bought a potion of heal wounds for 65 gold pieces
  1732 | D        | Bought a potion of mutation for 104 gold pieces
  1732 | D        | Bought a potion of curing for 39 gold pieces
  1732 | D        | Bought a potion of ambrosia for 104 gold pieces
  1732 | D        | Bought a potion of curing for 39 gold pieces
  1769 | D        | Noticed Sonja
  1776 | D        | Killed Sonja
  1779 | D        | Noticed Psyche
  1785 | D        | Killed Psyche
  1869 | D        | Got the +2 leather armour "Quocom" {rF++}
  1951 | D        | Noticed a six-headed hydra
  1951 | D        | Noticed a centaur warrior
  1955 | D        | Killed a six-headed hydra
  1964 | D        | Noticed a fire giant
  1966 | D        | Killed a centaur warrior
  1967 | D        | Reached XP level 13. HP: 109/121 MP: 17/23
  1967 | D        | Noticed a fire giant
  1970 | D        | Noticed a fire giant
  1977 | D        | Noticed a sphinx
  1979 | D        | Killed a fire giant
  1979 | D        | Received a gift from Okawaru
  1981 | D        | Noticed an ice dragon
  1984 | D        | Noticed a stone giant
  1985 | D        | Killed a fire giant
  1988 | D        | Noticed an ice dragon
  1990 | D        | Killed a fire giant
  1998 | D        | Killed a sphinx
  2000 | D        | Killed a stone giant
  2000 | D        | Reached ****** piety under Okawaru
  2002 | D        | Killed an ice dragon
  2006 | D        | Killed an ice dragon
  2006 | D        | Received a gift from Okawaru
  2192 | D        | Acquired a +2 spectral giant spiked club
  2192 | D        | Received a gift from Okawaru
  2194 | D        | Acquired the +1 shadow dragon scales of the Postmodern Eyes
                  | {-Tele rElec rF+++ Int-2 Stlth++++}
  2194 | D        | Received a gift from Okawaru
  2257 | D        | Noticed Azrael
  2270 | D        | Killed Azrael
  2285 | D        | Noticed Agnes
  2286 | D        | Identified the serpent talisman of Somewhere Else {rElec}
  2286 | D        | Noticed Aizul
  2287 | D        | Noticed Erica
  2314 | D        | Killed Aizul
  2322 | D        | Killed Agnes
  2330 | D        | Killed Erica
  2331 | D        | Reached skill level 15 in Shields
  2561 | D        | Noticed an entropy weaver
  2561 | D        | Noticed a ghost moth
  2566 | D        | Noticed a jorogumo
  2570 | D        | Killed an entropy weaver
  2579 | D        | Received a gift from Okawaru
  2586 | D        | Killed a ghost moth
  2587 | D        | Reached XP level 14. HP: 92/131 MP: 0/24
  2914 | D        | Received a gift from Okawaru
  2949 | D        | Reached skill level 10 in Dodging
  2961 | D        | Noticed a fenstrider witch
  2965 | D        | Reached skill level 1 in Evocations
  2970 | D        | Killed a fenstrider witch
  2971 | D        | Reached skill level 10 in Throwing
  2977 | D        | Reached skill level 5 in Evocations
  3191 | D        | Noticed a frost giant
  3191 | D        | Noticed a fire giant
  3191 | D        | Noticed a purple very ugly thing
  3191 | D        | Noticed a frost giant
  3191 | D        | Noticed a tentacled monstrosity
  3195 | D        | Killed a frost giant
  3196 | D        | Noticed a frost giant
  3199 | D        | Killed a fire giant
  3199 | D        | Received a gift from Okawaru
  3201 | D        | Killed a purple very ugly thing
  3206 | D        | Killed a tentacled monstrosity
  3258 | D        | Killed from afar by a frost giant

Illustrated notes

Levels and vault maps discovered:
D:        linesprint [early_d, line_temple, items_1, d_10, items_2, lair_1,
          lair_end, items_3, orc_1, orc_end, items_4, d_15, swamp_1, shoals_1,
          snake_1, spider_1, d_20, vaults_1, items_5, swamp_end, shoals_end,
          snake_end, spider_end, vaults_end, d_27, items_6, zot_1, zot_end,
          crypt_end, forest_end, elf_end, slime_end, tomb_end, abyss_end,
          pan_hell_end]

Skill      XL: |  1  2  3  4  5  6  7  8  9 10 11 12 13 14 |
---------------+-------------------------------------------+-----
Fighting       | 5 7 8 10 12 15 17 18 19 | 19.8
Maces & Flails | 4 6 7 9 11 15 16 17 19 20 | 20.0
Armour         | 5 7 8 11 14 15 18 20 | 20.5
Shields        | 5 6 11 15 18 | 18.8
Dodging        | 3 4 5 8 10 | 10.0
Invocations    | 4 5 9 11 14 | 14.0
Throwing       | 3 7 10 | 10.9
Evocations     | 5 |  5.0

Action                     |  1- 3 |  4- 6 |  7- 9 | 10-12 | 13-15 || total
---------------------------+-------+-------+-------+-------+-------++-------
  Melee: Flail             |    26 |    26 |       |       |       ||    52
         Morningstar       |       |    12 |    60 |   311 |       ||   383
         Dire flail        |       |       |       |    18 |   197 ||   215
  Throw: Javelin           |       |       |       |     3 |    21 ||    24
 Invoke: Heroism           |       |       |     2 |     4 |     1 ||     7
         Finesse           |       |       |       |     5 |     3 ||     8
         Receive Weapon    |       |       |       |       |     1 ||     1
         Receive Armour    |       |       |       |       |     1 ||     1
  Evoke: Wand              |       |       |    10 |       |     2 ||    12
    Use: Potion            |     1 |     2 |     5 |       |    10 ||    18
         Scroll            |       |       |       |     1 |     1 ||     2
 Armour: Scale mail        |    20 |    20 |       |       |       ||    40
         Plate armour      |       |     7 |    66 |   126 |     8 ||   207
         Shadow dragon sca |       |       |       |       |    88 ||    88
  Dodge: Dodged            |    10 |    15 |    14 |    60 |    30 ||   129
  Block: Buckler           |     5 |     9 |     8 |    45 |       ||    67
         Tower shield      |       |       |       |    21 |   175 ||   196

Table legend: (Time is in decaauts)
 A = Elapsed time spent in this place.
 B = Non-inter-level travel time spent in this place.
 C = Inter-level travel time spent in this place.
 D = Time resting spent in this place.
 E = Time spent auto-exploring this place.
 F = Levels seen in this place.
 G = Mean time per level.
                   A        B        C        D        E       F      G
               +--------+--------+--------+--------+--------+-----+--------+
         Total |   3058 |   3058 |      0 |   1273 |      0 |   1 | 3058.0 |
       Dungeon |   3058 |   3058 |      0 |   1273 |      0 |   1 | 3058.0 |
               +--------+--------+--------+--------+--------+-----+--------+

Top non-repeatable levels by time:
       D: 3058 daAuts
